Map: Blackpink LE

Players

kemachi - Winner!

  • Race: Protoss Protoss
  • League: Diamond
  • Spawn Location: 1:00

supernass

  • Race: Protoss Protoss
  • League: Diamond
  • Spawn Location: 7:00

VOD

Have the link to the VOD?

Description

Time

  • Played on: April 7, 2018, 1:45 p.m.
  • Length: 11:36
Show
View Real Time Build Order
Export as new Build Order

kemachi Protoss - Winner!

Build Orders: Nexus First 

Get SALT Encoding   

  12  0:00  Probe (Chrono Boost)  
  13  0:10  Probe (Chrono Boost)  
  14  0:16  Probe  
  15  0:26  Pylon  
  15  0:44  Probe  
  16  0:56  Probe (Chrono Boost)  
  17  1:02  Nexus  
  17  1:08  Probe (Chrono Boost)  
  18  1:16  Probe (Chrono Boost)  
  19  1:22  Probe  
  20  1:35  Probe  
  21  1:41  Nexus  
  21  1:47  Probe  
  22  2:17  Gateway  
  22  2:34  Probe (Chrono Boost)  
  23  2:37  Assimilator  
  23  2:39  Assimilator  
  23  2:40  Probe  
  24  2:54  Pylon  
  23  3:06  Cybernetics Core  
  23  3:08  Gateway  
  23  3:11  Probe (Chrono Boost)  
  25  3:16  Probe (Chrono Boost)  
  25  3:18  Forge  
  24  3:42  Stalker (Chrono Boost)  
  24  3:43  Warp Gate  
  24  3:47  Gateway  
  26  3:48  Probe (Chrono Boost)  
  26  3:50  Probe  
  28  4:00  Probe  
  31  4:05  Pylon, Stalker (Chrono Boost)  
  31  4:12  Stalker (Chrono Boost)  
  33  4:20  Probe x2  
  35  4:32  Probe, Stargate  
  35  4:38  Stalker  
  38  4:45  Photon Cannon  
  38  4:52  Stalker  
  40  4:56  Probe x2  
  42  5:06  Stalker  
  44  5:08  Stalker  
  44  5:13  Probe x2  
  48  5:28  Void Ray  
  50  5:30  Probe x2  
  52  5:42  Probe x2  
  54  5:43  Pylon  
  54  5:46  Pylon  
  54  5:48  Pylon  
  54  5:49  Protoss Ground Weapons Level 1  
  52  6:00  Stalker  
  52  6:02  Probe x2  
  56  6:05  Assimilator  
  56  6:09  Assimilator  
  56  6:13  Robotics Facility  
  56  6:14  Probe  
  57  6:23  Stalker x2  
  61  6:26  Zealot  
  63  6:44  Twilight Council  
  63  6:48  Pylon  
  63  6:56  Probe x2  
  63  6:58  Zealot x3  
  71  7:04  Gateway, Immortal  
  71  7:06  Gateway  
  71  7:08  Probe x2  
  77  7:19  Void Ray  
  77  7:20  Probe x2  
  83  7:23  Blink (Chrono Boost)  
  83  7:32  Probe, Stalker  
  86  7:39  Pylon x2  
  86  7:44  Pylon  
  86  7:57  Observer  
  87  8:02  Stalker x2  
  91  8:08  Pylon  
  91  8:09  Nexus  
  91  8:11  Void Ray  
  95  8:17  Protoss Ground Weapons Level 2 (Chrono Boost)  
  95  8:24  Stalker  
  97  8:30  Pylon  
  97  8:32  Pylon  
  97  8:34  Stalker x2  
  101  8:43  Immortal  
  89  9:15  Void Ray  
  89  9:16  Stalker x3  
  89  9:17  Stalker x2  
  102  9:25  Immortal  
  106  9:34  Probe x3  
  106  9:37  Gateway  
  109  9:39  Gateway  
  97  10:06  Stalker x4  
  85  10:24  Observer  
  84  10:31  Stalker  
  84  10:32  Stalker x4  
  94  10:38  Probe x3  
  93  10:44  Stalker x2  
  93  10:45  Observer  
  98  10:50  Probe x2  
  100  11:01  Stalker x4  
  100  11:02  Stalker  
  110  11:11  Photon Cannon  
  110  11:12  Photon Cannon  
  110  11:16  Stalker x2, Photon Cannon  
  114  11:19  Photon Cannon  
Show
View Real Time Build Order
Export as new Build Order

supernass Protoss 

Build Orders:  

Get SALT Encoding   

  12  0:01  Probe (Chrono Boost)  
  13  0:10  Probe (Chrono Boost)  
  14  0:21  Pylon  
  14  0:23  Probe  
  15  0:39  Probe  
  15  0:41  Gateway  
  16  0:56  Probe, Forge  
  17  1:09  Probe  
  18  1:17  Pylon  
  18  1:21  Probe  
  19  1:42  Photon Cannon  
  19  1:43  Gateway  
  19  1:46  Photon Cannon  
  19  1:50  Pylon  
  19  1:54  Probe  
  20  2:08  Photon Cannon  
  20  2:15  Zealot (Chrono Boost)  
  20  2:16  Photon Cannon  
  22  2:23  Probe  
  22  2:27  Photon Cannon  
  23  2:34  Assimilator  
  23  2:36  Cybernetics Core  
  23  2:42  Assimilator  
  23  2:45  Probe  
  24  2:52  Zealot  
  26  2:59  Probe  
  27  3:11  Probe  
  28  3:17  Stalker  
  30  3:25  Probe  
  30  3:27  Warp Gate  
  31  3:40  Probe  
  32  3:46  Gateway  
  32  3:51  Twilight Council  
  32  4:00  Probe  
  33  4:03  Stalker x2  
  37  4:19  Probe  
  37  4:22  Pylon  
  38  4:37  Stalker  
  38  4:40  Stalker  
  38  4:41  Blink (Chrono Boost)  
  38  5:05  Stalker  
  38  5:07  Stalker  
  40  5:28  Nexus  
  40  5:30  Probe  
  40  5:35  Stalker  
  41  5:51  Probe  
  42  5:59  Stalker  
  42  6:00  Sentry  
  46  6:06  Pylon  
  46  6:09  Robotics Facility  
  46  6:20  Pylon  
  46  6:24  Probe (Chrono Boost)  
  45  6:40  Stalker x3  
  45  6:46  Probe  
  52  6:47  Probe  
  53  6:56  Assimilator  
  53  6:58  Assimilator  
  53  7:01  Probe  
  53  7:04  Probe  
  55  7:14  Probe  
  56  7:16  Probe  
  56  7:17  Stargate  
  57  7:27  Probe  
  57  7:28  Probe  
  57  7:35  Shield Battery  
  57  7:37  Photon Cannon  
  57  7:43  Probe, Stargate  
  58  7:56  Observer  
  59  8:02  Phoenix  
  61  8:05  Charge  
  61  8:07  Probe  
  61  8:10  Probe  
  63  8:17  Immortal  
  63  8:19  Dark Shrine  
  67  8:23  Probe x2  
  67  8:27  Phoenix  
  71  8:35  Phoenix  
  71  8:38  Probe x2  
  75  8:51  Phoenix  
  75  8:53  Pylon  
  77  8:59  Pylon  
  77  9:02  Pylon  
  73  9:21  Photon Cannon  
  73  9:23  Photon Cannon  
  73  9:24  Shield Battery  
  73  9:26  Nexus  
  73  9:28  Probe  
  73  9:29  Probe  
  75  9:35  Oracle  
  78  9:40  Probe (Chrono Boost)  
  78  9:44  Probe (Chrono Boost)  
  78  9:45  Phoenix  
  81  9:50  Probe (Chrono Boost)  
  81  9:52  Dark Templar  
  74  9:55  Dark Templar  
  70  10:03  Dark Templar  
  55  10:31  Nexus  
  55  10:48  Assimilator  
  55  10:50  Assimilator  
  55  10:56  Phoenix x2  
  55  10:59  Observer  
  55  11:04  Stalker  
  58  11:09  Stalker  
Tags
 
Matchup
PvP
Spawn Locations
Cross Positions
Add a new tag
Caveats
  • Supply blocks, unpowered buildings, or Contaminate may cause inaccurate times.
  • Supply counts are checked every 10 seconds.